 Dungeon Crawl Stone Soup version 0.30-a0-1123-gabc949cf19 (webtiles) character file.

Game seed: 4183852851834828651

53 Arzdou the Ruffian (level 3, -4/31 HPs)
             Began as a Draconian Cinder Acolyte on Apr 22, 2023.
             Was a High Priest of Ignis.
             Slain by a hobgoblin
             ... wielding the +7 mace of Wu Jian's Reproof {spect, Fragile rElec rN+++ Will- Str+6}
              (7 damage)
             ... on level 2 of the Dungeon.
             The game lasted 00:02:35 (977 turns).

Arzdou the Ruffian (Draconian Cinder Acolyte)        Turns: 977, Time: 00:02:35

Health: -4/31      AC:  5    Str: 22    XL:     3   Next: 62%
Magic:  1/4        EV: 11    Int: 16    God:    Ignis [*****.]
Gold:   167        SH:  0    Dex:  6    Spells: 2/4 levels left

rFire   + .          .
                       - Unarmed
rCold   . . .        (no shield)
rNeg    . . .        (body armour unavailable)
rPois   .            (helmet restricted)
rElec   .            (no cloak)
rCorr   .            (no gloves)
SInv    .            (no boots)
Will    .....        (no amulet)
Stlth   +            a - +6 ring of strength
HPRegen 0.25/turn    (no ring)
MPRegen 0.09/turn

%: no passive effects
@: no status effects
A: AC +5, unfitting armour, cold-blooded
a: Renounce Religion, Fiery Armour, Foxfire Swarm, Rising Flame


You were on level 2 of the Dungeon.
You worshipped Ignis.
Ignis was extremely pleased with you.
You visited 1 branch of the dungeon, and saw 2 of its levels.

You collected 167 gold pieces.

Inventory:

Jewellery
 a - a +6 ring of strength (left hand)
 h - a ring of wizardry
Scrolls
 b - a scroll of teleportation {unknown}
 c - a scroll of amnesia {unknown}
 e - a scroll of noise {unknown}
 f - a scroll of fog {unknown}
Potions
 d - a potion of degeneration {unknown}
 g - a potion of lignification {unknown}


   Skills:
 + Level 3.6 Fighting
 + Level 0.3 Dodging
 * Level 4.0 Unarmed Combat
 * Level 1.1 Spellcasting
 + Level 3.4 Fire Magic


You had 2 spell levels left.
You knew the following spells:

 Your Spells              Type           Power      Damage    Failure   Level
a - Scorch                Fire           22%        2d6       9%          2

Your spell library contained the following spells:

 Spells                   Type           Power      Damage    Failure   Level
 Shock                    Conj/Air       0%         1d3       22%         1
 Sublimation of Blood     Necr           0%         N/A       34%         2
 Swiftness                Air            0%         N/A       56%         3
 Airstrike                Air            0%         2d(0-16)  92%         4
 Petrify                  Tmut/Erth      0%         N/A       92%         4
 Irradiate                Conj/Tmut      0%         3d11      99%         5


Dungeon Overview and Level Annotations

Branches:
Dungeon (2/15)

Altars:


Innate Abilities, Weirdness & Mutations

Your plain brown scales are hard. (AC +5)
You cannot fit into any form of body armour.
You are cold-blooded and may be slowed by cold attacks.


Message History

You are out of magic!
You hit the hobgoblin.
You kill the hobgoblin!
An endoplasm comes into view.
The kobold throws a stone.
The stone misses you.
You see here a hobgoblin corpse.
You are out of magic!
You hit the kobold but do no damage. You hit the kobold.
You kill the kobold!
A hobgoblin comes into view.
It is wielding the +7 mace of Wu Jian's Reproof {spect, Fragile rElec rN+++ Will- Str+6}.
The endoplasm freezes you.
You are frozen.
Things that are here:
a +0 dagger; 2 stones You hit the endoplasm.
The endoplasm is severely wounded.
The endoplasm hits you.
Your magical contamination has completely faded away.
You hit the endoplasm but do no damage.
Your tail-slap misses the endoplasm.
The endoplasm is severely wounded.
The endoplasm hits you but does no damage.
You hit the endoplasm.
You kill the endoplasm!
Your Unarmed Combat skill increases to level 4!
You hit the hobgoblin.
The hobgoblin is moderately wounded.
The hobgoblin hits you with the +7 mace of Wu Jian's Reproof {spect, Fragile rElec rN+++ Will- Str+6}!
The +7 mace of Wu Jian's Reproof {spect, Fragile rElec rN+++ Will- Str+6} hits you!
A +7 mace of Wu Jian's Reproof {spect, Fragile rElec rN+++ Will- Str+6} comes into view.
You are too injured to fight recklessly!
Casting: Scorch (safe; 9% risk of failure)
Confirm with . or Enter, or press ? or * to list all spells.
You don't have enough magic to cast this spell.
The hobgoblin attacks as you move away! The hobgoblin barely misses you.
The +7 mace of Wu Jian's Reproof {spect, Fragile rElec rN+++ Will- Str+6} hits you!
* * * LOW HITPOINT WARNING * * *
The hobgoblin attacks as you move away!
The hobgoblin hits you with the +7 mace of Wu Jian's Reproof {spect, Fragile rElec rN+++ Will- Str+6}!
You die...

#.# #.#
#............#
#.# #.#
##.######..###
#. #.# #..# #.
##..# #. #...# #
#. #...#
####.#.#####...#
........).†....#
.####.g@......#
...(......<...##
....########..#
... #..# .. #..#
#..# ..#


You could see a +7 mace of Wu Jian's Reproof {spect, Fragile rElec rN+++ Will-
Str+6} and a hobgoblin.

Vanquished Creatures
  An adder (D:2)
  2 dart slugs
  4 bats (D:1)
  3 endoplasms
  2 giant cockroaches (D:1)
  3 goblins
  3 hobgoblins
  2 jackals (D:1)
  3 kobolds
  4 ball pythons
  4 frilled lizards
  9 rats (D:1)
40 creatures vanquished.

Notes
Turn   | Place    | Note
-------+----------+-------------------------------------------
     0 | D:1      | Arzdou the Draconian Cinder Acolyte began the quest for the
                  | Orb.
     0 | D:1      | Reached XP level 1. HP: 19/19 MP: 2/2
   105 | D:1      | Reached XP level 2. HP: 24/26 MP: 3/3
   653 | D:1      | Reached XP level 3. HP: 31/31 MP: 4/4
   664 | D:1      | Learned a level 2 spell: Scorch
   970 | D:2      | Identified the +7 mace of Wu Jian's Reproof {spect, Fragile
                  | rElec rN+++ Will- Str+6}
   974 | D:2      | Reached skill level 4 in Unarmed Combat
   977 | D:2      | Slain by a hobgoblin

Illustrated notes

Levels and vault maps discovered:
D:1:      reono_arrival_mine, layout_loops_cross, minmay_rat_gold_closets
D:2:      layout_loops_ring

Skill      XL: |  1  2  3 |
---------------+----------+-----
Unarmed Combat | 4 |  4.0
Fighting       | |  3.6
Dodging        | |  0.3
Spellcasting   | |  1.1
Fire Magic     | |  3.4

Action                     || total
---------------------------++-------
  Melee: Unarmed           ||    96
         Tailslap          ||     5
         Punch             ||     2
   Cast: Scorch            ||     6
   Stab: Sleeping          ||     1
 Armour: Skin              ||    27
  Dodge: Dodged            ||    50

Table legend: (Time is in decaauts)
 A = Elapsed time spent in this place.
 B = Non-inter-level travel time spent in this place.
 C = Inter-level travel time spent in this place.
 D = Time resting spent in this place.
 E = Time spent auto-exploring this place.
 F = Levels seen in this place.
 G = Mean time per level.
                   A        B        C        D        E       F      G
               +--------+--------+--------+--------+--------+-----+--------+
         Total |    970 |    962 |      8 |      0 |    761 |   2 |  485.0 |
       Dungeon |    970 |    962 |      8 |      0 |    761 |   2 |  485.0 |
               +--------+--------+--------+--------+--------+-----+--------+

Top non-repeatable levels by time:
     D:1: 735 daAuts
     D:2: 235 daAuts
